[Event "Late-Titled-Tuesday-Blitz-November-28-2023"]
[Site "Chess.com"]
[Date "2023.11.28"]
[Round "10"]
[White "Harry_Rakkel"]
[Black "GiorgianBarbosa"]
[Result "1-0"]
[WhiteElo "2661"]
[BlackElo "2528"]
[TimeControl "180+1"]
[EndTime "15:51:44 PST"]
[Termination "Harry_Rakkel won by resignation"]

1. e4 c5 2. Nf3 g6 3. d4 cxd4 4. Nxd4 Bg7 5. c4 Nc6 6. Be3 Nf6 7.
Nc3 O-O 8. Be2 Nxd4 9. Bxd4 d6 10. O-O Bd7 11. Qd2 Bc6 12. f3 Nd7 13. Bxg7 Kxg7 14.
Kh1 a5 15. f4 Nc5 16. Qe3 b6 17. Rf3 Qc7 18. Rh3 h5 19. f5 Nd7 20. Bxh5 Rh8 21.
Qg3 Ne5 22. Rf1 Qb7 23. fxg6 f6 24. Nd5 Bxd5 25. cxd5 Qc7 26. Bg4 Rxh3 27. Bxh3 Qc4 28.
Qf2 Qxe4 29. Qxb6 Rh8 30. Qa7 Nd3 31. Be6 Nf2+ 32. Qxf2 Qe5 33. Qf4 Qxb2 34. a4 Rh5 35.
h3 Rg5 36. Qf3 Qe5 37. Qf2 Rg3 38. Re1 Qg5 39. Bg4 Kxg6 1-0

[Event "Late-Titled-Tuesday-Blitz-November-28-2023"]
[Site "Chess.com"]
[Date "2023.11.28"]
[Round "10"]
[White "Hikaru"]
[Black "FairChess_on_YouTube"]
[Result "1-0"]
[WhiteElo "3230"]
[BlackElo "3086"]
[TimeControl "180+1"]
[EndTime "15:51:46 PST"]
[Termination "Hikaru won on time"]

1. g3 Nf6 2. Bg2 d5 3. d3 c6 4. Nd2 g6 5. e4 dxe4 6. dxe4 Bg7 7. Ngf3 O-O 8. O-O Na6 9. e5 Nd5 10. a3 Bf5 11. Re1 Qc7 12. Nb3 Rad8 13. Qe2 Qb6 14. Nfd4 Bc8 15. c4 Ndc7 16. Be3 c5 17. Nb5 Bxe5 18.
Bd2 Rxd2 19. Qxd2 Bf6 20. a4 Ne6 21. a5 Qd8 22. Qxd8 Rxd8 23. Nxa7 Nec7 24. Rad1 Rxd1 25. Rxd1 Be6 26. Bxb7 Bxc4 27. Nd2 Be2 28. Re1 Bd3 29.
Re3 c4 30. Nb5 Bxb2 31. Nxc7 Nxc7 32. Rxe7 c3 33. Rxc7 cxd2 34. Bf3 Kg7 35. Bd1 Be4 36.
a6 g5 37. a7 g4 38. Rc8 Bf3 39. Bxf3 gxf3 40. Rd8 Bd4 41. Rxd4 1-0

[Event "Late-Titled-Tuesday-Blitz-November-28-2023"]
[Site "Chess.com"]
[Date "2023.11.28"]
[Round "10"]
[White "Meri-Arabidze"]
[Black "mbojan"]
[Result "0-1"]
[WhiteElo "2683"]
[BlackElo "2863"]
[TimeControl "180+1"]
[EndTime "15:51:49 PST"]
[Termination "mbojan won on time"]

1. Nf3 g6 2. g3 Bg7 3. Bg2 d6 4. O-O Bd7 5. c4 Qc8 6. Qb3 Nc6 7. e3 e5 8. d4 Nge7 9. Nc3 O-O 10. Nd5 exd4 11. Nxe7+ Nxe7 12. exd4 Nf5 13. Rd1 Re8 14. Bf4 a5 15. Qc2 a4 16. g4 Ne7 17. h3 h5 18.
gxh5 Bxh3 19. hxg6 Nxg6 20. Bg3 Bxg2 21. Kxg2 Qg4 22.
Qd2 Re2 23. Qg5 Qxg5 24. Nxg5 Rxb2 25. c5 dxc5 26. dxc5 b6 27. cxb6 cxb6 28. a3 Rb5 29. Ne4 Bxa1 30. Rxa1 f5 31. Nd6 Rd5 32. Nc4 Ra6 33.
Bc7 b5 34. Ne3 Rc5 35. Bb8 f4 36. Ng4 Nh4+ 37. Kh3 Rh5 38. Rd1 Ng6+ 39. Kg2 Kf7 40. Bc7 Rc6 41. Bb8 Rc3 42. Rd7+ Ke6 43. Rb7 Nh4+ 44.
Kf1 f3 45. Rb6+ Kd7 46. Ke1 Rhc5 47. Ne5+ Kc8 48. Kd2 Rxa3 49. Ba7 Rxe5 0-1

[Event "Late-Titled-Tuesday-Blitz-November-28-2023"]
[Site "Chess.com"]
[Date "2023.11.28"]
[Round "10"]
[White "GMthekingindian"]
[Black "giomar27"]
[Result "1-0"]
[WhiteElo "2350"]
[BlackElo "2412"]
[TimeControl "180+1"]
[EndTime "15:51:49 PST"]
[Termination "GMthekingindian won by resignation"]

1. e4 e5 2. Nf3 Nc6 3. Nc3 Nf6 4. d4 exd4 5. Nxd4 Bb4 6. Nxc6 bxc6 7. Bd3 O-O 8. O-O d5 9. exd5 cxd5 10. h3 c6 11.
Qf3 Bd6 12. Bg5 Rb8 13. Nd1 h6 14. Bxf6 Qxf6 15. Qxf6 gxf6 16. Re1 Be6 17. b3 Be5 18. Rc1 c5 19. c4 d4 20. Nb2 Rfe8 21. Be4 Bf4 22.
Rcd1 Bd7 23. Nd3 Bd6 24. Bd5 Bf5 25. Kf1 Kf8 26. Bc6 Re6 27. Bd5 Bxd3+ 28. Rxd3 Re5 29. Rxe5 fxe5 30. Rf3 Rb6 31. Rxf7+ Ke8 32. Rxa7 Bb8 33. Rb7 Rxb7 34. Bxb7 Kd8 35. Ke2 Kc7 36. Bd5 Kb6 37.
Kd3 Ka5 38. a3 Kb6 39. Be4 Bd6 40. g3 Kc7 41. Bg6 Kd7 42. Ke4 Ke7 43. Kd5 Kd7 44. Bf5+ Kc7 45. h4 h5 46. a4 Be7 47. Kxe5 Kb6 48. Bg6 Ka5 49. Bxh5 Kb4 50. Bd1 Kc3 51. Ke4 Kd2 52. Bg4 d3 53. a5 Bd8 54. a6 Bb6 55. h5 Kc3 56. h6 d2 57. h7 1-0

[Event "Late-Titled-Tuesday-Blitz-November-28-2023"]
[Site "Chess.com"]
[Date "2023.11.28"]
[Round "10"]
[White "Nick12772"]
[Black "PawnEatingZombie"]
[Result "1/2-1/2"]
[WhiteElo "2374"]
[BlackElo "2199"]
[TimeControl "180+1"]
[EndTime "15:51:49 PST"]
[Termination "Game drawn by repetition"]

1. Nf3 Nf6 2. g3 g6 3. Bg2 Bg7 4.
O-O O-O 5. c4 d5 6. d4 dxc4 7.
Ne5 c5 8. dxc5 Qa5 9. Nxc4 Qxc5 10. Nba3 Nc6 11. Be3 Qb4 12. Bd2 Qc5 13. Be3 Qh5 14. Qb3 Ng4 15. h4 Nxe3 16. Qxe3 Bg4 17. Bf3 Bxf3 18. Qxf3 Qxf3 19. exf3 Nd4 20. Kg2 Rac8 21. Rad1 b5 22. Ne3 e6 23. Rd2 a6 24. b3 Rc7 25. Rfd1 Rd7 26. Nac2 Rfd8 27. Nxd4 Rxd4 28. Rxd4 Rxd4 29. Rxd4 Bxd4 30. Nc2 Bc3 31. Kf1 Kf8 32. Ke2 Ke7 33. Kd3 Bb2 34. a4 bxa4 35. bxa4 Kd6 36. Kc4 Bf6 37. Nb4 a5 38. Nd3 Kc6 39. Nc5 Bd8 40. Nb3 Bb6 41. Nd4+ Bxd4 42. Kxd4 f6 43. f4 Kd6 44. Kc4 Kc6 45. Kd4 Kd6 46. Kc4 Kc6 47. Kd4 1/2-1/2

[Event "Late-Titled-Tuesday-Blitz-November-28-2023"]
[Site "Chess.com"]
[Date "2023.11.28"]
[Round "10"]
[White "andrzej"]
[Black "Mikhail_Golubev"]
[Result "1-0"]
[WhiteElo "2490"]
[BlackElo "2579"]
[TimeControl "180+1"]
[EndTime "15:51:52 PST"]
[Termination "andrzej won on time"]

1. e4 c5 2. Nf3 d6 3. d4 cxd4 4. Nxd4 Nf6 5. Nc3 g6 6. Be3 Bg7 7. f3 a6 8. Qd2 Nbd7 9. Bc4 O-O 10. O-O-O b5 11. Bd5 Nxd5 12. Nxd5 Bb7 13. Kb1 Ne5 14.
Bh6 e6 15. Bg5 Nc4 16. Qc1 exd5 17. Bxd8 Rfxd8 18. exd5 Bxd5 19. h4 b4 20. h5 Rab8 21.
hxg6 hxg6 22. Qg5 Ba8 23. Qh4 a5 24. Rde1 Rdc8 25. Qh7+ Kf8 26. Qh4 Bd5 27. Qe7+ Kg8 28.
Qg5 Bxd4 29. Qxd5 Bxb2 30. Re7 Na3+ 31. Kxb2 1-0

[Event "Late-Titled-Tuesday-Blitz-November-28-2023"]
[Site "Chess.com"]
[Date "2023.11.28"]
[Round "10"]
[White "DuleMudule"]
[Black "GoltsevDmitry2000"]
[Result "1-0"]
[WhiteElo "2857"]
[BlackElo "2679"]
[TimeControl "180+1"]
[EndTime "15:51:54 PST"]
[Termination "DuleMudule won by checkmate"]

1. d4 e6 2. e4 d5 3. Nc3 c5 4. exd5 exd5 5. Nf3 Nf6 6. Bb5+ Nc6 7. O-O Be7 8. dxc5 Bxc5 9. Re1+ Be6 10. Be3 Bxe3 11. Rxe3 O-O 12. Nd4 Bd7 13. Bxc6 bxc6 14. Na4 Rb8 15. Nb3 Rb4 16. Nac5 Qc7 17. c3 Rh4 18. h3 Ng4 19. Rg3 Qe5 20. hxg4 Bxg4 21. Qd4 Qh5 22. f3 f5 23. Ne6 Rf7 24. Nf4 Qh6 25. Kf2 Bh5 26. Re1 Rxf4 27. Re8+ Rf8 28. Rxg7+ Qxg7 29. Rxf8+ Qxf8 30. Qxf4 Bg6 31. Qc7 Qh6 32. Qb8+ Kg7 33. Qxa7+ Bf7 34. Qd4+ Kg8 35. a4 Qh1 36. a5 Qb1 37.
Qd2 Qa2 38. Nd4 Qxa5 39. Nxc6 Qb6+ 40. Nd4 f4 41. b4 Qh6 42. Ne2 Qh4+ 43. Kg1 Bg6 44.
Nxf4 Qg5 45. Qxd5+ Qxd5 46. Nxd5 h5 47. Ne7+ Kg7 48.
Nxg6 Kxg6 49. b5 Kg5 50. b6 Kh4 51. b7 Kg5 52. b8=Q Kh4 53. Qf4# 1-0

[Event "Late-Titled-Tuesday-Blitz-November-28-2023"]
[Site "Chess.com"]
[Date "2023.11.28"]
[Round "10"]
[White "MaxLeto"]
[Black "YellowJacek"]
[Result "0-1"]
[WhiteElo "2514"]
[BlackElo "2359"]
[TimeControl "180+1"]
[EndTime "15:51:54 PST"]
[Termination "YellowJacek won on time"]

1. g4 e5 2. Bg2 h5 3. gxh5 Nf6 4. c4 c6 5. Nc3 Bc5 6. e3 d6 7. d4 exd4 8. exd4 Bb6 9. Bf3 Qe7+ 10. Be3 Be6 11.
Qe2 Nbd7 12. O-O-O O-O-O 13. h4 Bf5 14. Nh3 Kb8 15. Ng5 Ka8 16. Rhe1 Rde8 17. Bf4 Qf8 18. Qd2 Nxh5 19. Rxe8+ Qxe8 20. Bxd6 Nhf6 21. c5 Ba5 22.
Qf4 Bxc3 23. Qxf5 Ba5 24. Bg3 Qe7 25. Ne4 Nxe4 26. Qxe4 Qf6 27. a3 Qh6+ 28. Kc2 Rc8 29. b4 Bd8 30. d5 Nf6 31. Qe3 Qg6+ 32. Qd3 Qh6 33. dxc6 bxc6 34. Qxd8 Qg6+ 35. Qd3 Kb7 36. Qxg6 fxg6 37. Be5 Nh5 0-1

[Event "Late-Titled-Tuesday-Blitz-November-28-2023"]
[Site "Chess.com"]
[Date "2023.11.28"]
[Round "10"]
[White "Heinza9"]
[Black "PowerThinking2650"]
[Result "0-1"]
[WhiteElo "2345"]
[BlackElo "2482"]
[TimeControl "180+1"]
[EndTime "15:51:55 PST"]
[Termination "PowerThinking2650 won on time"]

1. e4 e5 2. Nf3 Nc6 3. Nc3 Nf6 4. d4 exd4 5. Nd5 Be7 6. Nxd4 d6 7.
Nb5 Nxd5 8. exd5 Ne5 9. Be2 O-O 10. O-O f5 11. f4 Ng4 12. h3 Nf6 13. c4 Ne4 14.
Bf3 Bf6 15. Nd4 a5 16. Be3 Re8 17. Qd3 Bd7 18. Rfe1 Bh4 19. Re2 Qf6 20. Rd1 Re7 21. Bc1 Rae8 22. b3 b6 23. Bb2 Qh6 24. Ne6 Bxe6 25. dxe6 Ng3 26. Re3 Qxf4 27. Bc6 Rf8 28. Rf3 Qg5 29. Rd2 h6 30. Qd4 Rf6 31. Qd3 Kh7 32. Bc1 Qg6 33. Rd1 Rfxe6 34. Bd5 Re5 35. Bd2 Ne4 36. Bf4 Ng5 37. Bxe5 Nxf3+ 38. Qxf3 dxe5 39. Rd2 e4 0-1

[Event "Late-Titled-Tuesday-Blitz-November-28-2023"]
[Site "Chess.com"]
[Date "2023.11.28"]
[Round "10"]
[White "DanylaBagrov"]
[Black "DamianoLew95"]
[Result "0-1"]
[WhiteElo "2593"]
[BlackElo "2740"]
[TimeControl "180+1"]
[EndTime "15:51:56 PST"]
[Termination "DamianoLew95 won by resignation"]

1. Nf3 Nf6 2. c4 g6 3. g3 Bg7 4. Bg2 O-O 5. O-O c6 6. b3 d5 7. Bb2 Bg4 8. Ne5 Be6 9. Qc2 Nbd7 10. d3 Nxe5 11. Bxe5 Qd7 12. Rd1 Rfd8 13. Nc3 Bh3 14. Bh1 e6 15. Qb2 Ne8 16. Bxg7 Nxg7 17. b4 Nf5 18. e4 Ne7 19. Qe2 d4 20. Na4 e5 21. Nc5 Qc8 22. a4 h5 23. Bg2 b6 24. Nb3 Kg7 25. a5 h4 26. Bxh3 Qxh3 27.
Qf3 Rh8 28. Qg2 hxg3 29. fxg3 Qe6 30. Rf1 Rab8 31. Rf3 bxa5 32. Nc5 Qd6 33. Raf1 Rhf8 34. Qf2 f6 35. Na6 Rbc8 36. c5 Qe6 37. Qa2 Qxa2 38. R3f2 Qe6 0-1

[Event "Late-Titled-Tuesday-Blitz-November-28-2023"]
[Site "Chess.com"]
[Date "2023.11.28"]
[Round "10"]
[White "Teidi96"]
[Black "JaackCamel"]
[Result "1-0"]
[WhiteElo "2294"]
[BlackElo "2071"]
[TimeControl "180+1"]
[EndTime "15:51:57 PST"]
[Termination "Teidi96 won on time"]

1. e4 e6 2. d4 d5 3. Nd2 c5 4. e5 cxd4 5. Ngf3 Nc6 6. Bd3 f6 7.
exf6 Nxf6 8. O-O Bd6 9. Re1 O-O 10. Nb3 e5 11. Bf1 Bg4 12. h3 Bh5 13. Be2 Bg6 14.
Ng5 Qd7 15. Nf3 Rae8 16. Bb5 Bh5 17. Be2 Ne4 18. Rf1 h6 19. Nfxd4 Bg6 20. Nf3 Qf7 21. c3 Ne7 22. Nbd2 Nf6 23. Nh4 Bh7 24. Nb3 g5 25. Nf3 e4 26. Nfd4 Nc6 27. Be3 Ne5 28. Nb5 Bb8 29.
Bxa7 Bxa7 30. Nxa7 Nf3+ 31. gxf3 Nh5 32. fxe4 Nf4 33. Bg4 dxe4 34. Kh2 h5 35. Be2 Rd8 36. Nd2 Qf5 37. Bg4 hxg4 38. hxg4 Qf6 39. Rh1 Nd3 40.
f3 Qf4+ 41. Kg2 1-0

[Event "Late-Titled-Tuesday-Blitz-November-28-2023"]
[Site "Chess.com"]
[Date "2023.11.28"]
[Round "10"]
[White "Sulthankan"]
[Black "melissa_guez"]
[Result "1-0"]
[WhiteElo "2384"]
[BlackElo "2247"]
[TimeControl "180+1"]
[EndTime "15:51:58 PST"]
[Termination "Sulthankan won by resignation"]

1. d4 d5 2. c4 c6 3. Nc3 Nf6 4.
e3 e6 5. Nf3 Nbd7 6. Qc2 Bd6 7.
Bd3 dxc4 8. Bxc4 b5 9. Be2 O-O 10. O-O Bb7 11. e4 e5 12. dxe5 Nxe5 13. Nd4 Ng6 14.
Nf5 Bf4 15. Rd1 Qb6 16. Ne7+ Nxe7 17. Bxf4 Ng6 18. Bg5 c5 19. Bxf6 Qxf6 20. Bxb5 a6 21. Bc4 Bc6 22. Rd2 Ne5 23. Bd5 Rad8 24. Rad1 Bb5 25.
a4 Bc4 26. b3 Bd3 27. Rxd3 Nxd3 28. Rxd3 g6 29. g3 Kg7 30. Kg2 Rfe8 31. f4 Qb6 32. Qd2 Qb4 33. Bc4 Rxd3 34. Qxd3 Qa3 35. h4 Qb2+ 36. Kh3 Qc1 37. Kg2 Qb2+ 38. Kf3 h5 39.
Ne2 Qf6 40. Qd5 Rd8 41. Qe5 Qxe5 42. fxe5 Rd2 43. Ke3 Rd8 44. Bxa6 Re8 45. Kf4 Rb8 46. Bc4 Re8 47. Nc3 Rd8 48. Nd5 Rb8 49. a5 Ra8 50. a6 Ra7 51. Nb6 f6 52. exf6+ Kxf6 53. e5+ Ke7 54. Na4 Ke8 55. Nxc5 Re7 56. Nb7 1-0

[Event "Late-Titled-Tuesday-Blitz-November-28-2023"]
[Site "Chess.com"]
[Date "2023.11.28"]
[Round "10"]
[White "Andrei_Skvortsov"]
[Black "Njal28"]
[Result "0-1"]
[WhiteElo "2783"]
[BlackElo "3016"]
[TimeControl "180+1"]
[EndTime "15:51:59 PST"]
[Termination "Njal28 won by resignation"]

1. e4 e5 2. d4 exd4 3. Qxd4 Nc6 4. Qd3 Nf6 5. Nc3 Bb4 6. Bd2 O-O 7. O-O-O d6 8.
Nge2 a5 9. Bg5 h6 10. Bh4 Ne5 11. Qd4 Bc5 12. Qd2 c6 13. Nd4 Ng6 14. Bg3 a4 15.
Nf5 a3 16. b3 d5 17. f3 Re8 18.
Nh4 Nf8 19. Qd3 Qa5 20. e5 N6d7 21. f4 Bb4 22. Nb1 Nc5 23. Qf3 Ne4 24. Bd3 Bc3 25.
Nxc3 Qxc3 26. Bxe4 Qb2+ 27. Kd2 dxe4 28. Qxe4 Bg4 29.
Nf3 Ne6 30. Rb1 Rad8+ 31. Ke2 Qc3 32. Rhd1 Rd4 33. Qe3 Qxc2+ 34. Ke1 Rxd1+ 35. Rxd1 Qxg2 36. Rd3 Qxa2 37. Nd2 Qa1+ 38. Kf2 a2 39. b4 Qb2 40. Rb3 a1=Q 0-1

[Event "Late-Titled-Tuesday-Blitz-November-28-2023"]
[Site "Chess.com"]
[Date "2023.11.28"]
[Round "10"]
[White "karinachess1"]
[Black "Rodalquilar"]
[Result "0-1"]
[WhiteElo "2621"]
[BlackElo "2757"]
[TimeControl "180+1"]
[EndTime "15:52:00 PST"]
[Termination "Rodalquilar won on time"]

1. d4 d5 2. c4 e6 3. Nc3 a6 4. cxd5 exd5 5. Bf4 Nf6 6. e3 c5 7. Nf3 c4 8. Be2 b5 9. O-O Bb7 10. Ne5 Be7 11. Bf3 Nbd7 12. a3 O-O 13. Qc2 Re8 14.
Rad1 Nb6 15. Rfe1 Bf8 16. h3 Ne4 17. Ng4 f6 18. Nh2 Qd7 19. Nf1 Bc6 20. Bh2 a5 21.
Ng3 Nxg3 22. Bxg3 b4 23. axb4 axb4 24. Ne2 Ba4 25. Qd2 Bxd1 26. Rxd1 Ra2 27. Qc1 Rea8 28. Nf4 R8a5 29. e4 dxe4 30. Bxe4 Bd6 31. Qc2 f5 32. Bf3 Qa4 33. Qe2 Qd7 34. Re1 c3 35. Bc6 Qe7 36. Qxe7 Bxe7 37. Rxe7 cxb2 0-1

[Event "Late-Titled-Tuesday-Blitz-November-28-2023"]
[Site "Chess.com"]
[Date "2023.11.28"]
[Round "10"]
[White "Schwindle"]
[Black "DvaHrasta"]
[Result "1-0"]
[WhiteElo "2390"]
[BlackElo "2477"]
[TimeControl "180+1"]
[EndTime "15:52:04 PST"]
[Termination "Schwindle won on time"]

1. e4 c6 2. d4 d5 3. Nc3 dxe4 4. Nxe4 Nf6 5. Nxf6+ exf6 6. Nf3 Bd6 7. Bd3 O-O 8. Be3 Re8 9. O-O Bg4 10. c3 Qc7 11. h3 Bh5 12. Re1 Nd7 13. Be2 f5 14.
c4 Nf6 15. Qc1 Ne4 16. c5 Bf8 17. Bf4 Qd8 18. b4 Bxf3 19. Bxf3 Qxd4 20. Be3 Qxb4 21. Rb1 Qa5 22. Rxb7 Qxa2 23. Rd1 Rad8 24. Rdd7 Rxd7 25. Rxd7 a5 26. Ra7 Rb8 27. Bxe4 fxe4 28. Qc3 a4 29. Qe5 Rd8 30. Qxe4 a3 31. Qxc6 Qb1+ 32. Kh2 a2 33.
Qa6 Qf5 34. Qxa2 Qe5+ 35. g3 Qf5 36. Ra8 Rxa8 37. Qxa8 g5 38. Kg2 h5 39. Qf3 Qg6 40. g4 hxg4 41. hxg4 Be7 42. Bd4 Bd8 43. Qd5 Bc7 44.
Qa8+ 1-0

[Event "Late-Titled-Tuesday-Blitz-November-28-2023"]
[Site "Chess.com"]
[Date "2023.11.28"]
[Round "10"]
[White "SEBAZZANO"]
[Black "Mikhal867"]
[Result "1/2-1/2"]
[WhiteElo "2260"]
[BlackElo "2389"]
[TimeControl "180+1"]
[EndTime "15:52:06 PST"]
[Termination "Game drawn - insufficient material"]

1. d4 Nf6 2. Bf4 g6 3. Nc3 Bg7 4. e4 O-O 5. Qd2 d5 6. e5 Ne4 7. Nxe4 dxe4 8. f3 c5 9. c3 cxd4 10. cxd4 Nc6 11. Rd1 Bf5 12. fxe4 Bxe4 13. Nf3 Bxf3 14.
gxf3 Qb6 15. Be2 Rad8 16. Be3 Rd5 17. Bc4 Rd7 18. O-O Qd8 19. e6 Rd6 20. exf7+ Kh8 21.
Qf2 Nxd4 22. Kh1 e5 23. b3 Qf6 24. f4 b5 25. fxe5 Qxe5 26. Bxd4 Rxd4 27. Rxd4 Qxd4 28. Qxd4 Bxd4 29. Bxb5 Kg7 30. Bc4 Bc5 31. Rd1 Rc8 32.
Kg2 Bf8 33. Kf3 Rc5 34. Rd5 Rxd5 35. Bxd5 Kf6 36. Ke4 Bd6 37. Bc4 g5 38. Kd5 Ba3 39. h3 Kxf7 40. Kc6+ Kf6 41. Kb7 Bc5 42. a3 h5 43. b4 Be3 44. Be2 Kg6 45. a4 Bd2 46. b5 Be3 47. a5 g4 48. hxg4 hxg4 49. Bxg4 Kf6 50. b6 axb6 51. axb6 Bxb6 1/2-1/2

[Event "Late-Titled-Tuesday-Blitz-November-28-2023"]
[Site "Chess.com"]
[Date "2023.11.28"]
[Round "10"]
[White "NateSolon"]
[Black "FaustinoOro"]
[Result "1-0"]
[WhiteElo "2691"]
[BlackElo "2832"]
[TimeControl "180+1"]
[EndTime "15:52:07 PST"]
[Termination "NateSolon won on time"]

1. d4 Nf6 2. Bf4 d5 3. e3 Bf5 4. Bd3 Bxd3 5. cxd3 c6 6. Nc3 e6 7. Nf3 Be7 8. O-O O-O 9. Rb1 a5 10. a3 Nbd7 11. h3 h6 12. Qc2 c5 13. dxc5 Bxc5 14. d4 Be7 15. Nb5 Qb6 16. a4 Rac8 17. Qd3 Nb8 18.
Bxb8 Rxb8 19. Rfc1 Rbc8 20. Rc2 Nd7 21. Rbc1 Rc6 22.
e4 Nf6 23. e5 Nd7 24. Rf1 Rfc8 25. Re2 f6 26. exf6 Bxf6 27. Rfe1 Rf8 28. Qg6 Rf7 29.
Qg4 Nf8 30. h4 Rc4 31. b3 Rb4 32. Re3 Qd8 33. g3 Qb6 34. Kg2 Qc6 35. Rc3 Qb6 36. Rc8 Re7 37. Qf4 Rxb3 38. Ne5 Rb4 39. Ng6 Rf7 40.
Qb8 1-0

[Event "Late-Titled-Tuesday-Blitz-November-28-2023"]
[Site "Chess.com"]
[Date "2023.11.28"]
[Round "10"]
[White "GMJustin"]
[Black "LaGuayabaAlbizuista"]
[Result "1-0"]
[WhiteElo "2309"]
[BlackElo "1982"]
[TimeControl "180+1"]
[EndTime "15:52:08 PST"]
[Termination "GMJustin won on time"]

1. e4 c5 2. Ne2 Nc6 3. d4 cxd4 4. Nxd4 e6 5. Nc3 Bb4 6. Nb5 d5 7. exd5 exd5 8. Qxd5 Qxd5 9. Nc7+ Kf8 10. Nxd5 Be6 11. Nc7 Bxc3+ 12. bxc3 Rc8 13. Nxe6+ fxe6 14. Bd3 Nf6 15.
Ba3+ Kf7 16. O-O-O Nd5 17. Bb2 Ne5 18. Rhe1 Nxd3+ 19.
Rxd3 Rhe8 20. Re4 Kg8 21. c4 Nb6 22. Rd6 Nxc4 23. Rdxe6 Rxe6 24. Rxe6 Nxb2 25. Kxb2 Rc7 26. f4 Kf7 27. Re5 a6 28. g3 h6 29. a4 Rd7 30. a5 Kf6 31. h4 Rd6 32. Rc5 Rc6 33.
Rxc6+ bxc6 34. g4 h5 35. gxh5 Kf5 36. Kc3 Kxf4 37. Kc4 Kg4 38. Kc5 Kxh4 39. Kxc6 Kxh5 40. Kd5 g5 41. c4 g4 42. Ke4 Kh4 43. c5 1-0

[Event "Late-Titled-Tuesday-Blitz-November-28-2023"]
[Site "Chess.com"]
[Date "2023.11.28"]
[Round "10"]
[White "AryanTari"]
[Black "Grischuk"]
[Result "1-0"]
[WhiteElo "2992"]
[BlackElo "3066"]
[TimeControl "180+1"]
[EndTime "15:52:15 PST"]
[Termination "AryanTari won by checkmate"]

1. e4 c5 2. Nf3 d6 3. Nc3 Nf6 4. e5 dxe5 5. Nxe5 a6 6. g3 Qd6 7. Nf3 Nc6 8. Bg2 Bf5 9. d3 e6 10.
O-O Qd7 11. Re1 Rd8 12. h3 h6 13. Bf4 Bd6 14. Ne5 Nxe5 15. Bxe5 Bxe5 16. Rxe5 Qc7 17. Qe2 O-O 18. a4 b6 19. Re1 Bg6 20. b3 Nd7 21.
Re3 Nb8 22. Qf3 Rc8 23. Ne2 Nc6 24.
Nf4 Nd4 25. Qd1 Bh7 26. Nh5 Rfd8 27. h4 Bg6 28. Nf4 Bf5 29. Re5 Qd6 30. R5e3 b5 31. axb5 axb5 32. Be4 e5 33. Nd5 Be6 34. c4 b4 35. Bg2 f6 36. f4 exf4 37. Nxf4 Bf7 38. Re7 Re8 39. Rxf7 Rxe1+ 40. Qxe1 Qe5 41. Qxe5 fxe5 42.
Bd5 Kh7 43. Nh5 Kg6 44. Rxg7+ Kxh5 45. Bf7# 1-0

[Event "Late-Titled-Tuesday-Blitz-November-28-2023"]
[Site "Chess.com"]
[Date "2023.11.28"]
[Round "10"]
[White "IMRosen"]
[Black "FontVella8"]
[Result "1-0"]
[WhiteElo "2716"]
[BlackElo "2586"]
[TimeControl "180+1"]
[EndTime "15:52:15 PST"]
[Termination "IMRosen won on time"]

1. d4 Nf6 2. Bf4 d5 3. e3 e6 4. Nf3 Bd6 5. Ne5 O-O 6. Nd2 c5 7. c3 Qc7 8. Bd3 Nc6 9. Ndf3 cxd4 10. exd4 Ne4 11. Bg3 f6 12. Nxc6 bxc6 13. Bxd6 Qxd6 14. O-O Rb8 15. Qe2 Qf4 16. g3 Qg4 17. Rab1 e5 18.
dxe5 fxe5 19. Nxe5 Qxe2 20. Bxe2 Nd2 21. Nxc6 Rb7 22. Ba6 Rc7 23. Bxc8 Rxc6 24. Bb7 Rd6 25. Rbd1 Nxf1 26. Bxd5+ Kh8 27. Kxf1 h5 28. h4 Rf5 29. c4 g5 30. hxg5 Rxg5 31. Rd4 Kg7 32. Kg2 a5 33. b3 Re5 34. Rd2 Kh6 35. a3 Rb6 36. Rb2 Re1 37. b4 axb4 38. axb4 Rc1 39. b5 Rc3 40. Re2 Kg5 41. Re5+ Kg6 42. Re8 Kf6 43.
Rh8 Kg5 44. Bf7 1-0

[Event "Late-Titled-Tuesday-Blitz-November-28-2023"]
[Site "Chess.com"]
[Date "2023.11.28"]
[Round "10"]
[White "Elsa167"]
[Black "TRadjabov"]
[Result "0-1"]
[WhiteElo "2904"]
[BlackElo "3019"]
[TimeControl "180+1"]
[EndTime "15:52:21 PST"]
[Termination "TRadjabov won by resignation"]

1. d4 Nf6 2. c4 e6 3. Nf3 d5 4.
Nc3 Be7 5. g3 O-O 6. Bg2 dxc4 7.
Ne5 Nc6 8. Bxc6 bxc6 9. Nxc6 Qe8 10. Nxe7+ Qxe7 11. Qa4 Nd5 12. Qxc4 a5 13. Bd2 Rd8 14.
Rc1 Nb6 15. Qc5 Qxc5 16. dxc5 Nc4 17. Bg5 f6 18. b3 Na3 19. Be3 e5 20. c6 Bf5 21. f3 Ra6 22. Na4 Nc2+ 23. Kf2 Rxc6 24. Bc5 e4 25. Rhd1 Rxd1 26. Rxd1 exf3 27. e3 h5 28.
Rd8+ Kh7 29. Kxf3 Nb4 30. Bxb4 axb4 31. Rd2 Bg4+ 32. Kf2 Rc1 33. e4 g5 34. Nb2 c5 35. Nd3 Rc3 36. e5 Bf5 37. Ne1 fxe5 38. Rd5 Bb1 39. Rxe5 Bxa2 40. Rxg5 Bxb3 41. Rxh5+ Kg6 42. Re5 Ba2 43. Ke2 b3 44. Nd3 Bb1 45. Nxc5 b2 46. Kd2 Rc2+ 47. Kd1 Ba2 48. Kxc2 b1=Q+ 49. Kd2 Qb2+ 50. Ke3 Qxe5+ 51. Ne4 Bd5 52. Kf3 0-1

[Event "Late-Titled-Tuesday-Blitz-November-28-2023"]
[Site "Chess.com"]
[Date "2023.11.28"]
[Round "10"]
[White "HajiyevKanan"]
[Black "sansanathalia"]
[Result "1-0"]
[WhiteElo "2483"]
[BlackElo "2235"]
[TimeControl "180+1"]
[EndTime "15:52:28 PST"]
[Termination "HajiyevKanan won by checkmate"]

1. d4 Nf6 2. c4 e6 3. Nf3 d5 4. cxd5 exd5 5. Nc3 Be7 6. Bf4 O-O 7. Qc2 a6 8. e3 b5 9. Bd3 Bb7 10. O-O Nbd7 11. a4 b4 12. Ne2 c5 13. dxc5 Nxc5 14. Ned4 g6 15. Rfc1 Rc8 16. Qe2 Qb6 17. Ne5 Bd6 18.
h4 Rfe8 19. Ndf3 Nb3 20. Rxc8 Rxc8 21. Rd1 Qa5 22. Nxg6 hxg6 23. Bxd6 Nc1 24. Qd2 Nxd3 25. Qxd3 Qxa4 26. b3 Qa2 27. Bxb4 Rc2 28. Rd2 Rc1+ 29. Rd1 Rc2 30. Be1 Ne4 31. Qf1 Bc6 32. Nd4 Bb5 33.
Nxb5 axb5 34. Rxd5 b4 35. Rd8+ Kh7 36. h5 Qxb3 37. hxg6+ Kxg6 38. Qa6+ Kg7 39. Qa8 Qb1 40. Qxe4 Qxe1+ 41. Kh2 Qxf2 42. Qg4+ Kf6 43. Rd6+ Ke7 44. Rd7+ Kf6 45. Rd6+ Ke7 46. Qd7+ Kf8 47. Qd8+ Kg7 48. Qg5+ Kf8 49. Rd8# 1-0

[Event "Late-Titled-Tuesday-Blitz-November-28-2023"]
[Site "Chess.com"]
[Date "2023.11.28"]
[Round "10"]
[White "TrenerChos"]
[Black "OneTrickPony_82"]
[Result "1-0"]
[WhiteElo "2604"]
[BlackElo "2480"]
[TimeControl "180+1"]
[EndTime "15:52:29 PST"]
[Termination "TrenerChos won on time"]

1. e4 e5 2. b3 Nf6 3. Bb2 Nxe4 4.
Qe2 d5 5. d3 Nf6 6. Qxe5+ Qe7 7. Nf3 Nc6 8. Qxe7+ Bxe7 9. Be2 Nb4 10. Na3 O-O 11.
O-O c6 12. Rfe1 Re8 13. c3 Na6 14. d4 Bf5 15. Ne5 Nc7 16. c4 Bb4 17. Red1 Ne4 18. Nc2 Bc3 19. Rab1 Bxb2 20. Rxb2 Nc3 21. Re1 Nxe2+ 22. Rxe2 f6 23. Ne3 Be4 24. Nd7 b6 25. Ng4 Kf7 26. cxd5 Bxd5 27. f3 Rad8 28. Rxe8 Kxe8 29.
Ndxf6+ gxf6 30. Nxf6+ Kf7 31. Nxh7 Kg6 32. Re2 Ne6 33.
f4 Kxh7 34. f5 Nxd4 35. Re7+ Kh6 36. g4 Nf3+ 37. Kf2 Kg5 38. Kg3 Kf6 39. Rh7 Rg8 40.
Kf4 Bf7 41. h4 Ke7 42. Kxf3 Kf8 43. g5 a5 44. Kf4 Rg7 45. Rh6 Bd5 46. h5 Re7 47. f6 Re2 48. Rh8+ Kf7 49. Rh7+ Kf8 50. Rg7 Rxa2 51. Ke5 Re2+ 52. Kd6 1-0